Map: Misty Swamp

Players

GANSO - Winner!

  • Race: Zerg Zerg
  • Spawn Location: 12:00

Wikimay - Winner!

  • Race: Zerg Zerg
  • League: Gold
  • Spawn Location: 3:00

Youmu - Winner!

  • Race: Terran Terran
  • Spawn Location: 3:00

A.I. 3 (Harder)

  • Race: Terran Terran
  • Spawn Location: 12:00

A.I. 4 (Hard)

  • Race: Zerg Zerg
  • Spawn Location: 9:00

A.I. 5 (Harder)

  • Race: Protoss Protoss
  • Spawn Location: 9:00

VOD

Have the link to the VOD?

Description

Time

  • Played on: Dec. 1, 2017, 2:15 p.m.
  • Length: 12:23
Show
View Real Time Build Order
Export as new Build Order

GANSO Zerg - Winner!

Build Orders: Pool First 

Get SALT Encoding   

  12  0:04  Drone  
  13  0:13  Drone  
  14  0:32  Spawning Pool  
  14  0:34  Drone  
  14  0:39  Overlord  
  14  0:59  Drone x3  
  17  1:13  Drone  
  18  1:20  Queen  
  18  1:22  Drone  
  21  1:35  Extractor  
  21  1:38  Extractor  
  21  1:39  Drone  
  20  1:49  Drone  
  21  1:55  Drone  
  22  2:09  Hatchery  
  21  2:18  Drone  
  21  2:20  Overlord  
  22  2:31  Evolution Chamber  
  22  2:32  Overlord  
  21  2:37  Lair  
  21  2:48  Drone x2  
  23  2:58  Zerg Melee Weapons Level 1  
  23  3:03  Drone  
  25  3:12  Zergling x2  
  25  3:13  Zergling x6  
  28  3:24  Zergling x2  
  29  3:36  Evolution Chamber  
  29  3:37  Drone x3  
  31  3:56  Hydralisk Den  
  31  3:58  Zergling x8  
  31  3:59  Zergling x2  
  35  4:03  Queen  
  35  4:06  Overlord  
  35  4:08  Zerg Ground Armor Level 1  
  37  4:23  Zergling x8  
  37  4:24  Zergling x2  
  42  4:33  Muscular Augments  
  42  4:35  Zergling x2  
  43  4:39  Zergling x2  
  44  5:02  Hatchery  
  33  5:41  Zerg Melee Weapons Level 2  
  32  5:43  Metabolic Boost  
  32  5:46  Drone  
  32  5:47  Drone x5  
  38  6:06  Zerg Ground Armor Level 2  
  38  6:31  Hatchery  
  37  6:35  Zergling x12  
  37  6:36  Zergling x6  
  37  6:39  Zergling x2  
  47  6:40  Zergling x2  
  48  7:12  Drone x5  
  48  7:13  Drone  
  54  7:16  Queen  
  56  7:29  Overlord x6  
  56  7:43  Unknown  
  54  7:58  Drone x3  
  55  7:59  Drone x3  
  55  8:02  Queen  
  62  8:14  Hydralisk  
  62  8:15  Hydralisk  
  62  8:19  Zerg Missile Weapons Level 1  
  66  8:29  Infestation Pit  
  66  8:31  Drone x2  
  66  8:32  Drone  
  68  8:48  Hydralisk  
  68  8:49  Hydralisk x5  
  68  8:50  Hydralisk  
  82  9:03  Hatchery  
  82  9:06  Hydralisk  
  82  9:07  Hydralisk x6  
  82  9:08  Hydralisk  
  97  9:18  Hive  
  97  9:22  Extractor  
  96  9:26  Extractor  
  96  9:28  Drone x4  
  96  9:29  Drone  
  100  9:37  Extractor  
  99  9:38  Extractor  
  98  9:52  Drone x6  
  104  9:53  Drone x2  
  104  9:57  Queen  
  104  9:59  Pneumatized Carapace  
  108  10:06  Drone x3  
  111  10:11  Overlord x3  
  111  10:12  Overlord  
  111  10:19  Unknown  
  107  10:42  Burrow  
  105  10:48  Adrenal Glands  
  104  10:53  Hydralisk  
  104  10:57  Drone x3  
  104  10:58  Drone x2  
  109  11:11  Drone x4  
  112  11:16  Drone  
  114  11:23  Drone  
  115  11:32  Drone x2  
  117  11:44  Drone x2  
  119  11:56  Hatchery  
  118  12:04  Zergling x6  
  118  12:05  Zergling x12  
  118  12:06  Zergling x6  
Show
View Real Time Build Order
Export as new Build Order

Wikimay Zerg - Winner!

Build Orders: 3 Hatch before Pool 

Get SALT Encoding   

  12  0:01  Drone  
  13  0:12  Overlord  
  13  0:19  Drone  
  14  0:34  Drone x2  
  16  0:53  Hatchery  
  16  0:55  Drone  
  16  1:02  Drone  
  16  1:04  Drone  
  18  1:09  Drone  
  19  1:21  Extractor  
  19  1:25  Drone  
  19  1:36  Hatchery  
  18  1:40  Drone x2  
  20  1:54  Spawning Pool  
  20  1:56  Drone  
  20  2:03  Overlord  
  20  2:15  Drone  
  21  2:27  Drone  
  22  2:45  Drone x2  
  24  2:53  Queen x2  
  28  3:03  Drone x6  
  34  3:06  Drone  
  34  3:08  Queen  
  37  3:31  Drone  
  37  3:32  Drone x4  
  42  3:46  Extractor  
  41  4:07  Extractor  
  41  4:08  Extractor  
  41  4:09  Drone x3  
  42  4:21  Overlord x4  
  42  4:22  Overlord x6  
  42  4:23  Overlord x2  
  42  4:49  Lair  
  42  4:55  Evolution Chamber x2  
  42  4:56  Drone x5, Roach Warren, Baneling Nest  
  42  4:57  Drone x4  
  47  5:02  Extractor  
  47  5:04  Zergling x4  
  47  5:05  Zergling x2  
  49  5:07  Zergling x2  
  46  5:18  Zergling x8  
  48  5:26  Zergling x4  
  48  5:27  Zergling x2  
  51  5:40  Roach x4  
  59  5:56  Drone x2  
  59  5:57  Drone x2, Extractor  
  62  6:02  Drone x2  
  64  6:08  Zerg Missile Weapons Level 1  
  64  6:10  Zerg Ground Armor Level 1  
  64  6:12  Overlord x2  
  64  6:15  Roach  
  61  6:26  Drone x5  
  60  6:37  Queen  
  62  6:45  Hydralisk Den, Infestation Pit  
  62  6:46  Roach  
  62  6:47  Roach x3  
  66  6:48  Roach  
  66  6:53  Roach  
  66  6:54  Roach  
  72  6:55  Zergling x4  
  72  7:03  Glial Reconstitution  
  72  7:09  Roach x4  
  80  7:22  Muscular Augments  
  80  7:26  Drone x5  
  80  7:27  Drone x4  
  89  7:43  Drone x4  
  91  7:46  Drone  
  91  7:48  Swarm Host  
  91  7:49  Zergling x10  
  100  7:54  Roach x2  
  100  7:55  Roach x2  
  108  8:12  Hydralisk x4  
  108  8:13  Hydralisk x2  
  120  8:34  Zerg Missile Weapons Level 2, Zerg Ground Armor Level 2  
  120  8:37  Hive  
  120  8:41  Hydralisk  
  120  8:42  Hydralisk x6  
  120  8:43  Hydralisk x2  
  131  9:11  Hydralisk x4  
  131  9:12  Hydralisk x6  
  131  9:13  Hydralisk  
  152  9:21  Overlord  
  152  9:22  Overlord x5  
  137  9:57  Roach x5  
  137  9:58  Roach x4, Hydralisk x5  
  137  9:59  Hydralisk  
  154  10:32  Hydralisk x2  
  154  10:33  Hydralisk x6  
  154  10:34  Hydralisk  
  172  10:55  Hydralisk x4  
  172  10:56  Hydralisk x5  
  184  11:20  Hydralisk x4  
  184  11:21  Hydralisk x2  
  196  11:25  Roach  
  196  11:27  Roach  
  196  11:48  Hydralisk x2  
Show
View Real Time Build Order
Export as new Build Order

Youmu Terran - Winner!

Build Orders: 1/1/1 

Get SALT Encoding   

  12  0:01  SCV  
  13  0:13  SCV  
  14  0:18  Supply Depot  
  14  0:26  Refinery  
  14  0:30  SCV  
  15  0:44  Barracks  
  15  0:47  SCV  
  16  0:59  SCV  
  17  1:09  Refinery  
  17  1:11  SCV  
  18  1:23  SCV  
  19  1:33  Factory  
  19  1:35  SCV  
  20  2:04  Command Center  
  20  2:06  SCV  
  21  2:17  Supply Depot  
  21  2:22  Starport  
  21  2:30  Widow Mine  
  23  2:39  Marine  
  23  2:43  SCV  
  25  3:04  Factory  
  25  3:09  Factory  
  25  3:27  SCV  
  26  3:39  Orbital Command  
  26  3:42  SCV  
  27  3:51  Factory Reactor  
  27  3:52  Factory Reactor  
  27  3:53  Factory Reactor  
  27  4:03  Orbital Command  
  27  4:04  Refinery  
  27  4:06  Refinery  
  27  4:14  SCV  
  28  4:20  Barracks Tech Lab, Starport Tech Lab  
  28  4:33  Cyclone x3  
  37  4:47  Armory  
  37  4:51  SCV  
  38  4:56  SCV  
  39  5:03  SCV  
  38  5:08  SCV  
  35  5:38  Terran Vehicle Weapons Level 1  
  35  5:45  Cyclone  
  35  5:46  Cyclone x2  
  44  5:55  SCV, Supply Depot  
  44  5:56  SCV  
  46  6:16  SCV x2, Cyclone  
  46  6:18  Supply Depot  
  51  6:22  Command Center  
  51  6:41  Supply Depot  
  51  6:43  Cyclone x2  
  50  7:18  Cyclone x3  
  50  7:19  Raven  
  61  7:23  SCV x2  
  58  7:38  SCV  
  58  7:39  SCV  
  58  7:41  Orbital Command  
  50  7:49  Cyclone x3  
  59  7:52  Terran Vehicle And Ship Armor Level 1  
  59  8:09  SCV  
  60  8:13  SCV x2  
  62  8:20  Cyclone  
  62  8:21  Cyclone x3  
  74  8:31  Cyclone  
  77  8:43  Refinery  
  77  8:45  Refinery  
  77  9:15  Cyclone x2  
  83  9:27  Supply Depot x2  
  83  9:46  Terran Vehicle Weapons Level 2  
  83  9:47  SCV x2  
  83  9:48  SCV, Cyclone x3  
  83  9:50  Supply Depot x2  
  95  9:59  SCV  
  96  10:09  Cyclone  
  96  10:11  Cyclone  
  96  10:12  Cyclone, Supply Depot  
  105  10:14  Supply Depot  
  105  10:18  SCV x3  
  105  10:20  Cyclone  
  108  10:37  Supply Depot  
  108  10:38  Supply Depot  
  108  10:40  Cyclone  
  108  10:41  Cyclone x2  
  117  11:03  SCV x2  
  117  11:04  SCV  
  120  11:48  Cyclone x2  
  120  11:49  Cyclone x4  
  135  12:02  Supply Depot  
  135  12:03  Supply Depot  
Show
View Real Time Build Order
Export as new Build Order

A.I. 3 (Harder) Terran 

Build Orders: MMM Bio 

Get SALT Encoding   

  12  0:01  SCV  
  13  0:13  SCV  
  14  0:20  Supply Depot  
  14  0:25  SCV  
  15  0:41  SCV  
  16  0:45  Barracks  
  16  0:52  Refinery  
  16  0:53  SCV  
  17  1:06  SCV  
  18  1:18  SCV  
  19  1:23  Supply Depot  
  19  1:31  SCV  
  20  1:33  Marine  
  21  1:45  Orbital Command, Barracks  
  21  1:53  Barracks Tech Lab, Refinery  
  21  2:11  Marine  
  21  2:13  Supply Depot  
  22  2:29  Marauder  
  24  2:32  Marine  
  25  2:45  Supply Depot  
  25  2:49  Marine  
  25  2:50  Marine  
  27  3:07  SCV, Marine  
  27  3:09  Marauder  
  31  3:19  SCV  
  32  3:20  Engineering Bay  
  32  3:25  Marine  
  33  3:30  Marauder  
  33  3:31  SCV  
  33  3:33  Supply Depot  
  36  3:43  SCV, Marine  
  38  3:51  Marauder  
  38  3:55  SCV  
  41  4:01  Marine  
  42  4:07  SCV  
  43  4:13  Marauder  
  45  4:35  Barracks Tech Lab  
  45  4:38  Factory  
  45  4:41  Factory  
  45  4:49  Supply Depot  
  45  4:54  Stimpack  
  45  5:01  Combat Shields  
  45  5:22  Factory Tech Lab  
  45  5:23  Marine  
  45  5:26  Starport  
  45  5:28  Terran Infantry Weapons Level 1  
  40  5:29  Marine  
  40  5:30  Starport, Factory Tech Lab  
  32  5:41  Marine  
  29  5:47  Marine  
  33  5:50  Siege Tank  
  33  5:55  Widow Mine  
  35  6:02  Starport Tech Lab  
  35  6:03  Marauder  
  37  6:07  Starport Tech Lab  
  37  6:09  Marauder  
  39  6:19  Concussive Shells  
  39  6:24  Marauder  
  41  6:26  Command Center  
  41  6:31  Siege Tank, Marauder  
  46  6:45  Marine  
  47  6:51  Marine  
  47  6:53  Siege Tank  
  51  7:03  Widow Mine  
  51  7:06  Marine  
  51  7:07  Missile Turret  
  54  7:12  Marine  
  54  7:14  Missile Turret  
  55  7:22  Terran Infantry Armor Level 1  
  55  7:34  Raven  
  55  7:36  Bunker  
  57  7:38  SCV x2, Supply Depot  
  57  7:41  Refinery  
  59  7:50  SCV  
  60  7:51  SCV  
  61  8:02  SCV  
  61  8:04  SCV  
  63  8:11  Raven  
  64  8:14  SCV  
  64  8:16  SCV  
  64  8:19  Missile Turret  
  66  8:22  Missile Turret  
  66  8:27  SCV  
  67  8:28  Sensor Tower  
  67  8:37  Barracks  
  67  8:51  Command Center  
  67  9:05  Factory  
  67  9:13  Starport  
  67  9:18  Viking  
  69  9:24  Barracks Reactor  
  69  9:29  Banshee  
  72  9:38  Refinery  
  68  9:46  Marine  
  68  9:48  Viking  
  68  9:49  Starport Reactor, Factory Tech Lab  
  45  9:53  Marine  
  45  9:59  Hellion  
  45  10:03  Hellion  
  45  10:09  Hellion  
  45  10:14  Marine  
  43  10:17  Marine  
  31  10:32  Marine  
  31  10:35  Marine  
  27  10:40  SCV  
  21  10:43  SCV  
  21  10:49  Marine  
  22  10:51  Hellion  
  22  10:53  Marine  
  24  11:07  SCV, Marine  
  24  11:09  SCV x2  
  24  11:10  Marine  
  24  11:19  SCV  
  24  11:21  SCV  
  24  11:24  SCV  
  27  11:26  Marauder  
  27  11:29  Marine  
  27  11:31  SCV  
  29  11:33  SCV  
  29  11:36  SCV  
  29  11:39  Hellion  
  30  11:44  Hellion  
  31  11:50  Marine  
  31  11:52  Marine  
  28  11:59  SCV x2  
  19  12:11  SCV  
  19  12:12  Barracks  
Show
View Real Time Build Order
Export as new Build Order

A.I. 4 (Hard) Zerg 

Build Orders: Pool First 

Get SALT Encoding   

  12  0:01  Drone  
  13  0:12  Overlord  
  13  0:18  Drone  
  14  0:30  Drone  
  14  0:32  Drone  
  16  0:44  Spawning Pool  
  16  0:46  Drone  
  16  0:50  Drone  
  16  0:53  Extractor  
  16  0:56  Drone  
  17  1:06  Overlord  
  17  1:31  Zergling x4, Queen  
  21  1:38  Drone, Roach Warren  
  21  1:43  Extractor  
  20  1:49  Drone  
  20  1:52  Baneling Nest  
  20  2:00  Drone  
  21  2:11  Drone  
  22  2:21  Zergling x2  
  23  2:32  Drone  
  23  2:36  Baneling x2  
  24  2:38  Zergling x2, Baneling, Overlord  
  24  2:39  Zergling x2  
  27  2:44  Zergling x2  
  27  2:55  Drone  
  29  3:05  Zergling x2  
  29  3:09  Zergling x2  
  29  3:10  Zergling x2, Overlord  
  31  3:17  Zergling x2, Baneling  
  31  3:18  Baneling  
  32  3:27  Baneling  
  32  3:28  Zergling x2  
  33  3:38  Zergling x2, Evolution Chamber  
  33  3:42  Drone  
  33  3:43  Drone  
  33  3:45  Drone  
  36  3:50  Drone  
  37  4:01  Drone  
  38  4:12  Drone  
  38  4:13  Drone, Overlord  
  40  4:27  Roach  
  40  4:29  Drone, Evolution Chamber  
  42  4:36  Roach  
  44  4:44  Lair  
  44  4:46  Roach, Overlord  
  46  4:54  Roach  
  40  5:11  Zerg Melee Weapons Level 1  
  38  5:19  Zerg Ground Armor Level 1  
  36  5:34  Zergling x2  
  37  5:42  Roach, Burrow  
  39  5:44  Hydralisk Den  
  38  5:51  Roach  
  40  6:00  Roach  
  42  6:05  Overseer  
  42  6:08  Roach  
  42  6:09  Overseer  
  44  6:16  Hydralisk, Spore Crawler  
  44  6:17  Drone  
  46  6:24  Drone, Spore Crawler  
  46  6:25  Hydralisk  
  48  6:34  Hydralisk  
  50  6:42  Infestation Pit, Hydralisk  
  50  6:44  Drone  
  52  6:48  Hatchery  
  51  6:56  Queen  
  51  7:00  Drone  
  54  7:06  Zerg Missile Weapons Level 1  
  54  7:18  Spine Crawler  
  53  7:24  Spine Crawler  
  48  7:37  Spire  
  48  7:39  Drone  
  48  7:43  Roach  
  33  7:52  Roach  
  35  8:01  Roach  
  35  8:02  Drone  
  38  8:07  Drone  
  38  8:09  Roach  
  41  8:13  Drone  
  41  8:19  Drone  
  43  8:24  Drone  
  44  8:28  Drone  
  44  8:33  Pneumatized Carapace  
  45  8:48  Mutalisk  
  47  8:55  Mutalisk  
  49  9:03  Mutalisk  
  49  9:08  Overlord  
  51  9:10  Mutalisk  
  51  9:14  Overseer  
  53  9:17  Mutalisk  
  53  9:20  Extractor  
  53  9:23  Extractor  
  53  9:35  Overseer  
  53  9:43  Roach  
  53  9:45  Corruptor  
  53  9:46  Overlord  
  45  10:04  Hydralisk  
  37  10:08  Zergling x2  
  37  10:11  Hydralisk  
  37  10:12  Queen  
  36  10:16  Zergling x2  
  36  10:18  Drone  
  36  10:19  Hydralisk  
  39  10:23  Zergling x2  
  39  10:29  Overlord  
  23  10:47  Drone  
  14  11:17  Drone  
  14  11:18  Spawning Pool  
  13  11:38  Drone  
  14  11:45  Drone  
  15  11:51  Drone  
  15  11:54  Drone  
  17  12:00  Drone  
  13  12:10  Drone  
Show
View Real Time Build Order
Export as new Build Order

A.I. 5 (Harder) Protoss 

Build Orders:  

Get SALT Encoding   

  12  0:01  Probe  
  13  0:13  Probe  
  14  0:21  Pylon  
  14  0:25  Probe  
  15  0:39  Probe  
  16  0:48  Assimilator  
  16  0:50  Gateway  
  16  0:51  Probe  
  17  1:00  Pylon  
  17  1:03  Probe  
  18  1:15  Probe  
  19  1:27  Probe  
  20  1:39  Zealot  
  22  1:40  Cybernetics Core  
  22  1:46  Gateway  
  22  1:50  Assimilator  
  22  2:06  Pylon  
  22  2:16  Adept  
  24  2:29  Warp Gate  
  24  2:33  Stalker  
  26  2:43  Zealot  
  28  2:46  Pylon  
  28  3:03  Zealot  
  30  3:10  Adept  
  32  3:29  Pylon  
  32  3:30  Adept  
  34  3:37  Stalker  
  36  3:46  Probe  
  37  3:57  Adept  
  37  3:58  Probe  
  40  4:07  Adept  
  40  4:09  Forge  
  42  4:11  Probe  
  42  4:16  Pylon  
  43  4:23  Probe  
  44  4:24  Stalker  
  46  4:35  Probe  
  47  4:42  Stalker  
  49  4:47  Probe  
  50  5:02  Adept  
  52  6:00  Protoss Ground Weapons Level 1, Sentry  
  52  6:02  Gateway  
  52  6:03  Robotics Facility  
  54  6:07  Adept, Pylon  
  54  6:08  Nexus  
  54  6:11  Photon Cannon  
  56  6:14  Photon Cannon  
  56  6:17  Stargate  
  56  6:19  Twilight Council  
  56  6:23  Adept  
  58  6:30  Sentry  
  60  6:44  Forge  
  60  6:48  Adept  
  60  6:52  Observer  
  53  6:56  Zealot  
  43  7:03  Zealot  
  41  7:10  Stalker  
  41  7:13  Observer  
  44  7:17  Adept, Protoss Ground Armor Level 1  
  46  7:23  Probe  
  46  7:24  Stalker  
  46  7:28  Probe  
  50  7:35  Probe  
  51  7:40  Adept, Probe  
  54  7:47  Probe  
  54  7:51  Adept  
  57  7:52  Probe  
  58  7:59  Adept  
  58  8:00  Probe  
  58  8:04  Probe  
  62  8:08  Adept  
  62  8:12  Probe  
  65  8:15  Stalker  
  65  8:16  Probe  
  68  8:24  Probe, Stalker  
  71  8:28  Probe  
  71  8:32  Pylon  
  72  8:36  Probe  
  72  8:37  Pylon  
  72  8:41  Probe  
  74  8:48  Probe  
  75  8:53  Probe  
  76  8:55  Adept  
  76  8:59  Photon Cannon  
  74  9:02  Photon Cannon  
  74  9:03  Zealot  
  62  9:10  Zealot  
  49  9:17  Adept  
  51  9:24  Sentry  
  53  9:31  Stalker  
  55  9:39  Adept  
  57  9:47  Stalker  
  59  9:54  Assimilator, Stalker, Observer  
  59  9:57  Assimilator  
  48  10:00  Zealot  
  48  10:05  Zealot, Stalker  
  50  10:10  Zealot  
  52  10:20  Nexus  
  54  10:26  Adept  
  54  10:28  Zealot  
  52  10:36  Sentry  
  52  10:46  Stalker  
  50  10:51  Robotics Bay  
  50  10:53  Pylon  
  50  10:54  Adept  
  50  10:59  Zealot  
  46  11:09  Zealot  
  37  11:14  Zealot  
Tags
 
Add a new tag
Caveats
  • Supply blocks, unpowered buildings, or Contaminate may cause inaccurate times.
  • Supply counts are checked every 10 seconds.